 Dungeon Crawl Stone Soup version 0.28.0-45-g0d030f2227 (webtiles) character file.

Game seed: 8800259649763370268

1004 NinjaNoafa the Slinger (level 8, -7/58 HPs)
             Began as a Gnoll Wanderer on Apr 15, 2022.
             Mangled by an orc warrior
             ... wielding a +0 flail
              (15 damage)
             ... on level 5 of the Dungeon.
             The game lasted 00:11:36 (5050 turns).

NinjaNoafa the Slinger (Gnoll Wanderer)             Turns: 5050, Time: 00:11:37

Health: -7/58      AC:  4    Str:  9    XL:     8   Next: 20%
Magic:  0/12       EV: 14    Int: 14    God:
Gold:   126        SH:  7    Dex: 16    Spells: 14/15 levels left

rFire   . . .      SeeInvis .   v - +3 short sword (drain)
rCold   . . .      Faith    .   o - +2 buckler
rNeg    . . .      Spirit   +   d - +0 robe
rPois   .          Reflect  .   c - +0 helmet
rElec   .          Harm     .   (no cloak)
rCorr   .          Rampage  .   s - +0 pair of gloves
Will    .....                   (no boots)
Stlth   ++........              h - amulet of guardian spirit
HPRegen 0.19/turn               (no ring)
MPRegen 0.13/turn               (no ring)

@: no status effects
A: fangs 1, strong nose, distributed training, agile 1, low MP 1
a: no special abilities


You were on level 5 of the Dungeon.
You visited 1 branch of the dungeon, and saw 5 of its levels.

You collected 126 gold pieces.

Inventory:

Hand Weapons
 a - a +2 hunting sling
 i - a +0 dagger
 k - a +1 whip of electrocution
 t - a +1 dagger of venom
 v - a +3 short sword of draining (weapon)
Missiles
 e - 29 arrows
 f - 155 stones
 j - 2 atropa-tipped darts (quivered)
 q - 18 bolts
 u - a curare-tipped dart
Armour
 c - a +0 helmet (worn)
 d - a +0 robe (worn)
 o - a +2 buckler (worn)
 s - a +0 pair of gloves (worn)
Jewellery
 h - an amulet of guardian spirit (around neck)
Wands
 p - a wand of flame (12)
Scrolls
 n - a scroll of vulnerability


   Skills:
 + Level 3.0 Fighting
 + Level 3.0 Short Blades
 + Level 3.0 Long Blades
 + Level 3.0 Axes
 + Level 3.0 Maces & Flails
 + Level 3.0 Polearms
 + Level 3.0 Staves
 + Level 9.1 Slings
 + Level 3.0 Bows
 + Level 3.0 Crossbows
 + Level 3.0 Throwing
 + Level 4.0 Armour
 + Level 5.5 Dodging
 + Level 3.0 Stealth
 + Level 3.0 Shields
 + Level 3.0 Unarmed Combat
 + Level 4.2 Spellcasting
 + Level 2.4 Conjurations
 + Level 2.4 Hexes
 + Level 2.4 Summonings
 + Level 2.4 Necromancy
 + Level 2.4 Translocations
 + Level 2.4 Transmutations
 + Level 3.3 Fire Magic
 + Level 2.4 Ice Magic
 + Level 2.4 Air Magic
 + Level 2.4 Earth Magic
 + Level 2.4 Poison Magic
 + Level 3.3 Invocations
 + Level 4.0 Evocations


You had 14 spell levels left.
You knew the following spells:

 Your Spells              Type           Power      Damage    Failure   Level
a - Foxfire               Conj/Fire      44%        2x1d6     8%          1

Your spell library contained the following spells:

 Spells                   Type           Power      Damage    Failure   Level
 Corpse Rot               Necr/Air       18%        N/A       14%         2
 Ensorcelled Hibernation  Hex/Ice        18%        N/A       14%         2
 Passwall                 Tmut/Erth      7%         N/A       14%         2
 Poisonous Vapours        Pois/Air       18%        N/A       14%         2
 Sublimation of Blood     Necr           9%         N/A       14%         2
 Wereblood                Tmut           9%         N/A       14%         2
 Inner Flame              Hex/Fire       11%        N/A       22%         3
 Confusing Touch          Hex            9%         N/A       26%         3
 Swiftness                Air            9%         N/A       26%         3
 Yara's Violent Unravell  Hex/Tmut       4%         3d4       94%         5
 Enfeeble                 Hex            4%         N/A       100%        7
 Summon Hydra             Summ           4%         N/A       100%        7


Dungeon Overview and Level Annotations

Branches:
Dungeon (5/15)
 Temple: D:4-7

Altars:

Annotations:
D:4 1 runed translucent door, Crazy Yiuf


Innate Abilities, Weirdness & Mutations

You have very sharp teeth.
Your uncanny sense of smell can sniff out nearby items.
Your experience applies equally to all skills.
You are agile. (Dex +2)
Your magical capacity is low. (-10% MP)


Message History

You closely miss the phantom.
The phantom is almost destroyed.
The phantom closely misses you.
You barely miss the phantom.
The phantom is almost destroyed.
An orc warrior comes into view. It is wielding a +0 flail.
You block the scorpion's attack. The phantom closely misses you.
The orc warrior shouts!
You hit the phantom. You bite the phantom.
The phantom is almost destroyed.
The orc hits you with a +0 hand axe. You block the scorpion's attack.
The phantom closely misses you.
You hit the phantom.
You destroy the phantom!
The orc hits you but does no damage. You block the scorpion's attack.
The ice beast closely misses you.
You barely miss the orc wizard. You block the scorpion's attack.
The orc barely misses you. The orc wizard barely misses you.
The ice beast hits you but does no damage.
An orc priest comes into view. It is wielding a +0 vorpal hand axe.
You block the orc's attack.
The orc warrior drinks a potion.
The orc warrior goes berserk!
The scorpion stings you. The orc hits you with a +0 short sword.
The orc priest shouts!
As you read the scroll of fog, it crumbles to dust.
The scroll dissolves into smoke.
The orc barely misses you. The orc wizard misses you.
The orc barely misses you.
The orc warrior hits you with a +0 flail!
You block the orc's attack.
You see here a +0 hand axe.
The orc warrior hits you with a +0 flail!
* * * LOW HITPOINT WARNING * * *
The orc warrior rages.
You block the orc warrior's attack.
The orc warrior hits you with a +0 flail.
* * * LOW HITPOINT WARNING * * *
You block the orc warrior's attack.
The orc warrior hits you with a +0 flail!
You die...

..#..........##...####)....#
.....'.....§o§Yo.......[#..##.'.
.#####§§§§§.§##oo..#.##....####.
#..§§oY§##...##.##.......#
#####.oY§§§§##...##.##.......#
#......§§§§§##...'..##.......#
#......o######o..#######...<###
#..[....# #os.# #...##..
#....(..# #@..# #...##'#
.....o...# #...# #.......
##.......# #...# #.......
......... ....# ###....>.
.....#.## ....# #<.......
#....########......
#..................
####....#####.....# #.....#


You could see an orc warrior (berserk), an ice beast, a scorpion, an orc wizard
and 3 orcs.

Vanquished Creatures
  A wyvern (D:4)
  An ogre (D:4)
  A phantom (D:5)
  A kobold brigand (D:5)
  A scorpion (D:4)
  A wyvern skeleton (D:5)
  A water moccasin skeleton (D:4)
  A howler monkey (D:4)
  A centaur zombie (D:3)
  A hound (D:5)
  A jelly (D:3)
  2 bullfrog skeletons (D:5)
  2 iguanas (D:4)
  A scorpion zombie (D:5)
  An orc wizard (D:5)
  3 hound skeletons
  7 adders
  An ufetubus (D:5)
  A dart slug (D:2)
  6 orcs
  8 endoplasms
  A giant cockroach (D:4)
  11 goblins
  3 hobgoblins
  5 quokkas
  7 ball pythons
  6 bats
  6 frilled lizards
  8 kobolds
  6 rats
96 creatures vanquished.

Vanquished Creatures (collateral kills)
  7 foxfires (D:2)
7 creatures vanquished.

Vanquished Creatures (others)
  65 foxfires
  27 plants (D:2)
92 creatures vanquished.

Grand Total: 195 creatures vanquished

Notes
Turn   | Place    | Note
-------+----------+-------------------------------------------
     0 | D:1      | NinjaNoafa the Gnoll Wanderer began the quest for the Orb.
     0 | D:1      | NinjaNoafa set off with the following items: a +2 hunting
                  | sling, 18 sling bullets, a +0 helmet, a +0 robe; and the
                  | following spell memorised: Foxfire; and the following
                  | spells available to memorise: Inner Flame
     0 | D:1      | Reached XP level 1. HP: 13/13 MP: 4/4
   136 | D:1      | Reached XP level 2. HP: 19/19 MP: 5/5
   721 | D:1      | Found a faded altar of an unknown god.
   726 | D:1      | Reached XP level 3. HP: 25/25 MP: 7/7
  1040 | D:2      | Reached skill level 1 in Invocations
  1399 | D:2      | Reached skill level 1 in Fighting
  1399 | D:2      | Reached skill level 1 in Short Blades
  1399 | D:2      | Reached skill level 1 in Long Blades
  1399 | D:2      | Reached skill level 1 in Axes
  1399 | D:2      | Reached skill level 1 in Maces & Flails
  1399 | D:2      | Reached skill level 1 in Polearms
  1399 | D:2      | Reached skill level 1 in Staves
  1399 | D:2      | Reached skill level 1 in Bows
  1399 | D:2      | Reached skill level 1 in Crossbows
  1399 | D:2      | Reached skill level 1 in Throwing
  1399 | D:2      | Reached skill level 1 in Stealth
  1399 | D:2      | Reached skill level 1 in Shields
  1399 | D:2      | Reached skill level 1 in Unarmed Combat
  1424 | D:2      | Reached XP level 4. HP: 24/32 MP: 5/8
  2201 | D:3      | Reached skill level 1 in Conjurations
  2201 | D:3      | Reached skill level 1 in Hexes
  2201 | D:3      | Reached skill level 1 in Summonings
  2201 | D:3      | Reached skill level 1 in Necromancy
  2201 | D:3      | Reached skill level 1 in Translocations
  2201 | D:3      | Reached skill level 1 in Transmutations
  2201 | D:3      | Reached skill level 1 in Ice Magic
  2201 | D:3      | Reached skill level 1 in Air Magic
  2201 | D:3      | Reached skill level 1 in Earth Magic
  2201 | D:3      | Reached skill level 1 in Poison Magic
  2202 | D:3      | Reached XP level 5. HP: 36/37 MP: 9/9
  2755 | D:4      | Noticed a wyvern
  2762 | D:4      | Gained mutation: Your magical capacity is low. (-10% MP)
                  | [potion of mutation]
  2762 | D:4      | Gained mutation: You are agile. (Dex +2) [potion of
                  | mutation]
  2767 | D:4      | Killed a wyvern
  2768 | D:4      | Reached skill level 5 in Dodging
  2768 | D:4      | Reached XP level 6. HP: 40/44 MP: 7/10
  3107 | D:4      | Reached XP level 7. HP: 23/50 MP: 5/11
  3833 | D:4      | Found a runed translucent door.
  3834 | D:4      | Noticed Crazy Yiuf
  4103 | D:5      | Entered Level 5 of the Dungeon
  4306 | D:5      | Reached skill level 9 in Slings
  4665 | D:5      | Reached XP level 8. HP: 46/56 MP: 7/12
  5050 | D:5      | Mangled by an orc warrior

Illustrated notes

Levels and vault maps discovered:
D:1:      ncdulo_watergridlock, layout_loops_ring,
          hellmonk_ecumenical_altar_arch_garden
D:2:      layout_loops_cross, kennysheep_boxes
D:3:      layout_basic
D:4:      layout_loops_ring, uniq_crazy_yiuf_cottage
D:5:      minmay_chambers_of_threes, layout_basic,
          mainiacjoe_overflow_small_starburst, grunt_ministairs_14

Skill      XL: |  1  2  3  4  5  6  7  8 |
---------------+-------------------------+-----
Fire Magic     | 2 3 |  3.3
Invocations    | 1 2 3 |  3.3
Fighting       | 1 2 3 |  3.0
Short Blades   | 1 2 3 |  3.0
Long Blades    | 1 2 3 |  3.0
Axes           | 1 2 3 |  3.0
Maces & Flails | 1 2 3 |  3.0
Polearms       | 1 2 3 |  3.0
Staves         | 1 2 3 |  3.0
Bows           | 1 2 3 |  3.0
Crossbows      | 1 2 3 |  3.0
Throwing       | 1 2 3 |  3.0
Stealth        | 1 2 3 |  3.0
Shields        | 1 2 3 |  3.0
Unarmed Combat | 1 2 3 |  3.0
Spellcasting   | 3 4 |  4.2
Conjurations   | 1 2 |  2.4
Hexes          | 1 2 |  2.4
Summonings     | 1 2 |  2.4
Necromancy     | 1 2 |  2.4
Translocations | 1 2 |  2.4
Transmutations | 1 2 |  2.4
Ice Magic      | 1 2 |  2.4
Air Magic      | 1 2 |  2.4
Earth Magic    | 1 2 |  2.4
Poison Magic   | 1 2 |  2.4
Armour         | 3 4 |  4.0
Evocations     | 3 4 |  4.0
Dodging        | 5 |  5.5
Slings         | 9 |  9.1

Action                   |  1- 3 |  4- 6 |  7- 9 || total
-------------------------+-------+-------+-------++-------
Melee: Dagger            |       |    41 |    36 ||    77
       Bite              |       |     6 |    17 ||    23
       Whip              |       |       |    45 ||    45
       Short sword       |       |       |    24 ||    24
 Fire: Hunting sling     |    61 |    66 |    68 ||   195
Throw: Dart              |     2 |       |       ||     2
 Cast: Foxfire           |    29 |     9 |     8 ||    46
  Use: Potion            |       |     3 |     3 ||     6
       Scroll            |       |       |     4 ||     4
Armor: Robe              |     9 |     5 |    20 ||    34
       Skin              |       |       |     3 ||     3
Dodge: Dodged            |    25 |    32 |   101 ||   158
Block: Buckler           |       |    12 |    55 ||    67
